[Event "Titled Tuesday Blitz March 14 Early 2023"]
[White "Loiacono, Antonio"]
[Black "Tanenbaum, Zachary"]
[WhiteFideId "895415"]
[BlackFideId "2060850"]
[WhiteElo "2257"]
[BlackElo "2175"]
[Result "0-1"]
[Round "05"]
[TimeControl "180+2"]
[Date "2023.03.14"]
[WhiteClock "0:00:21"]
[BlackClock "0:00:09"]

1. e4 e5 2. Nf3 Nc6 3. Nc3 Nf6 4. Bb5 Bd6 5. d3 a6 6. Bxc6 dxc6 7. h3 O-O 8. O-O Qe7 9. Nd2 Be6 10. Nc4 h6 11. Nxd6 cxd6 12. f4 exf4 13. Bxf4 d5 14. e5 Nd7 15. d4 f6 16. exf6 Rxf6 17. Qd2 Raf8 18. Be3 Re8 19. Rxf6 Nxf6 20. Bf4 Qf7 21. Re1 Qg6 22. Kh1 Bf5 23. Rxe8+ Nxe8 24. Na4 Bxc2 25. Nc5 b6 26. Nxa6 Be4 27. Nb4 Qe6 28. Kh2 Nf6 29. Bc7 c5 30. Nc2 Qf5 31. Ne3 Qg5 32. dxc5 bxc5 33. Qf2 d4 34. Nf1 Qh5 35. Kg1 Qd1 36. Be5 Nd5 37. Qg3 g5 38. Qa3 Qe2 39. Qg3 Bxg2 40. Qxg2 Qxe5 41. Ng3 Nf4 42. Qa8+ Kf7 43. Qb7+ Kg6 44. Qc6+ Qe6 45. Qxe6+ Nxe6 46. Kf2 c4 47. Kf3 Nc5 48. Ne2 d3 49. Nc3 Kf5 50. a4 h5 51. a5 g4+ 52. hxg4+ hxg4+ 53. Ke3 g3 54. Nd1 Kg4 55. Nc3 Kh3 56. Nd5 g2 57. Nf4+ Kg3 58. Nxg2 Kxg2 59. Kd2 Kf2 60. a6 Nxa6 61. b3 cxb3 62. Kxd3 Nc5+ 63. Kc3 Ke3 64. Kb2 Kd3 65. Kb1 Kc3 66. Kc1 Ne4 67. Kb1 Nd2+ 68. Kc1 b2+ 69. Kd1 b1=Q+ 70. Ke2 Qf1+ 71. Ke3 Qf3# 0-1


[Site "https://www.chess.com"]

[Event "Titled Tuesday Blitz March 14 Early 2023"]
[White "Kopczynski, Michal"]
[Black "De Silva, L M S T"]
[WhiteFideId "1124200"]
[BlackFideId "9953698"]
[WhiteElo "2212"]
[BlackElo "2403"]
[Result "0-1"]
[Round "05"]
[TimeControl "180+2"]
[Date "2023.03.14"]
[WhiteClock "0:02:08"]
[BlackClock "0:02:25"]

1. e4 e5 2. Nf3 Nc6 3. Bb5 a6 4. Ba4 Nf6 5. O-O Be7 6. d3 b5 7. Bb3 O-O 8. Re1 Bb7 9. a4 d6 10. Nbd2 Nd7 11. axb5 axb5 12. Rxa8 Qxa8 13. Nf1 Nc5 14. Bd5 Nd8 15. Bxb7 Qxb7 16. Ng3 Nde6 17. Nf5 Bf6 18. g4 g6 19. Nh6+ Kh8 20. g5 Bg7 21. Ng4 Qc8 22. Ne3 Nf4 23. Nd5 Qg4+ 0-1


[Site "https://www.chess.com"]

[Event "Titled Tuesday Blitz March 14 Early 2023"]
[White "Wartiovaara, Oliver"]
[Black "Liyanage, Ranindu Dilshan"]
[WhiteFideId "513024"]
[BlackFideId "9915834"]
[WhiteElo "2214"]
[BlackElo "2199"]
[Result "0-1"]
[Round "05"]
[TimeControl "180+2"]
[Date "2023.03.14"]
[WhiteClock "0:00:07"]
[BlackClock "0:00:25"]

1. e4 g6 2. d4 Bg7 3. Nf3 d6 4. Be2 Nf6 5. Nc3 O-O 6. O-O Nc6 7. d5 Nb8 8. a4 c6 9. a5 Qc7 10. Nd4 Nbd7 11. Be3 cxd5 12. exd5 a6 13. Nb3 Nc5 14. Nxc5 dxc5 15. Qd3 Bf5 16. Qc4 Nd7 17. Na4 Rac8 18. g4 Ne5 19. Qxc5 Qd8 20. gxf5 Rxc5 21. Nxc5 Qxd5 22. Rfd1 Nf3+ 23. Bxf3 Qxf3 24. fxg6 fxg6 25. c3 Be5 26. Nd3 Bd6 27. Bc5 Bb8 28. Bxe7 Re8 29. Bh4 h5 30. Bg3 h4 31. Bxb8 h3 32. Nf4 Rxb8 33. Rd4 Rf8 0-1


[Site "https://www.chess.com"]

[Event "Titled Tuesday Blitz March 14 Early 2023"]
[White "Baghdasaryan, Vahe"]
[Black "Kvaloy, Aksel Bu"]
[WhiteFideId "13303139"]
[BlackFideId "1528815"]
[WhiteElo "2216"]
[BlackElo "2208"]
[Result "1/2-1/2"]
[Round "05"]
[TimeControl "180+2"]
[Date "2023.03.14"]
[WhiteClock "0:00:01"]
[BlackClock "0:00:02"]

1. e4 e5 2. Nf3 Nf6 3. Nc3 Nc6 4. d4 exd4 5. Nxd4 Bb4 6. Nxc6 bxc6 7. Bd3 d5 8. exd5 O-O 9. O-O cxd5 10. h3 Bd6 11. Qf3 Bb7 12. Bg5 Rb8 13. Qf5 Bc8 14. Qf3 c6 15. b3 Be5 16. Bd2 c5 17. Rae1 Bxc3 18. Bxc3 d4 19. Bd2 Bb7 20. Qg3 Kh8 21. Bg5 Qd7 22. Qh4 Qc6 23. f3 h6 24. Bxh6 gxh6 25. Qxh6+ Kg8 26. Re5 Ne4 27. Qh4 Qf6 28. Qg4+ Qg6 29. Qf4 f5 30. fxe4 fxe4 31. Rg5 Rxf4 32. Rxg6+ Kh7 33. Rxf4 Kxg6 34. Bxe4+ Kg5 35. Rg4+ Kh5 36. Bxb7 Rxb7 37. Re4 Kg5 38. Re5+ Kf4 39. Rxc5 Ke3 40. Rd5 Rc7 41. h4 Rxc2 42. h5 d3 43. h6 Rc6 44. h7 Rh6 45. Rd7 d2 46. Re7+ Kd3 47. Rd7+ Kc2 48. Rc7+ Kb2 49. Rd7 Kc1 50. Rc7+ Kd1 51. Rd7 Kc1 52. Rc7+ Kb2 53. Rd7 Kc3 54. Rc7+ Kd3 55. Rd7+ Ke3 56. Re7+ Kf4 57. Rd7 Ke3 1/2-1/2


[Site "https://www.chess.com"]

[Event "Titled Tuesday Blitz March 14 Early 2023"]
[White "Rom, Jasper"]
[Black "Goltsev, Dmitry"]
[WhiteFideId "2023733"]
[BlackFideId "24176710"]
[WhiteElo "2233"]
[BlackElo "2336"]
[Result "0-1"]
[Round "05"]
[TimeControl "180+2"]
[Date "2023.03.14"]
[WhiteClock "0:00:02"]
[BlackClock "0:00:51"]

1. e4 e6 2. d4 d5 3. Bd3 c5 4. exd5 exd5 5. Nf3 Nf6 6. O-O Be7 7. dxc5 Bxc5 8. Re1+ Be6 9. Be3 Bxe3 10. Rxe3 Qb6 11. Nc3 O-O 12. Nd4 Nbd7 13. Rb1 Rfe8 14. h3 Rac8 15. Nce2 Nc5 16. Bf5 Nfe4 17. c3 Bxf5 18. Nxf5 Nxf2 19. Kxf2 Rxe3 20. Nxe3 Ne4+ 21. Kf3 Re8 22. Qd4 Qxd4 23. Nxd4 Nd2+ 24. Kf2 Nxb1 25. Nxd5 Nd2 26. Nf5 Nc4 0-1


[Site "https://www.chess.com"]

[Event "Titled Tuesday Blitz March 14 Early 2023"]
[White "Maatman, Nick"]
[Black "Karas, Marek"]
[WhiteFideId "1040391"]
[BlackFideId "14928558"]
[WhiteElo "2691"]
[BlackElo "2233"]
[Result "1/2-1/2"]
[Round "05"]
[TimeControl "180+2"]
[Date "2023.03.14"]
[WhiteClock "0:00:45"]
[BlackClock "0:00:56"]

1. d4 Nf6 2. c4 e6 3. g3 d5 4. Bg2 Bb4+ 5. Bd2 Be7 6. Nf3 O-O 7. Qc2 c6 8. h4 dxc4 9. Qxc4 b5 10. Qc2 Bb7 11. O-O Nbd7 12. a4 a6 13. axb5 cxb5 14. Nc3 Rc8 15. Qd1 Nb6 16. Bg5 Nc4 17. b3 Nd6 18. Nb1 h6 19. Bxf6 Bxf6 20. Nbd2 Qb6 21. e3 Rfd8 22. Qb1 Be7 23. Rc1 Rxc1+ 24. Qxc1 Rc8 25. Qb1 Ne8 26. Ne5 Bxg2 27. Kxg2 a5 28. Ndf3 Bb4 29. Qe4 Nf6 30. Qf4 Qc7 31. Rh1 Nd5 32. Qg4 Nf6 33. Qf4 Nd5 34. Qg4 Nf6 35. Qf4 1/2-1/2


[Site "https://www.chess.com"]

[Event "Titled Tuesday Blitz March 14 Early 2023"]
[White "Rodchenkov, Sergey D."]
[Black "Samant Aditya S"]
[WhiteFideId "4168712"]
[BlackFideId "35080580"]
[WhiteElo "2277"]
[BlackElo "2362"]
[Result "0-1"]
[Round "05"]
[TimeControl "180+2"]
[Date "2023.03.14"]
[WhiteClock "0:00:12"]
[BlackClock "0:00:11"]

1. e4 c5 2. Nf3 d6 3. d4 cxd4 4. Nxd4 Nf6 5. Nc3 e5 6. Nf5 Nxe4 7. Nxg7+ Bxg7 8. Nxe4 d5 9. Bg5 Qa5+ 10. c3 dxe4 11. Bb5+ Nc6 12. Bxc6+ bxc6 13. Qd6 f6 14. Bxf6 Bxf6 15. Qxf6 Rf8 16. Qxc6+ Ke7 17. Qxa8 Qb6 18. Qxe4 Qxf2+ 19. Kd1 Bf5 20. Qxe5+ Kf7 21. Qe2 Rd8+ 0-1


[Site "https://www.chess.com"]

[Event "Titled Tuesday Blitz March 14 Early 2023"]
[White "Starozhilov, Leonid"]
[Black "Degenbaev, Aziz"]
[WhiteFideId "14106752"]
[BlackFideId "13802640"]
[WhiteElo "2402"]
[BlackElo "2152"]
[Result "0-1"]
[Round "05"]
[TimeControl "180+2"]
[Date "2023.03.14"]
[WhiteClock "0:00:03"]
[BlackClock "0:00:04"]

1. e4 c5 2. Nf3 d6 3. Bb5+ Nd7 4. O-O a6 5. Bxd7+ Bxd7 6. c3 c4 7. b3 b5 8. bxc4 bxc4 9. Na3 Rc8 10. Rb1 e6 11. Re1 Ne7 12. e5 d5 13. Qe2 Ng6 14. Nc2 Nf4 15. Qf1 Nd3 16. Re3 Bc5 17. Ncd4 O-O 18. Ne1 Nxe1 19. Rxe1 Qa5 20. d3 Qxc3 21. Bb2 Qa5 22. dxc4 dxc4 23. Qxc4 Bb4 24. Qe2 Bxe1 25. Rxe1 Qxa2 26. h4 Rb8 27. Bc3 Qxe2 28. Rxe2 Rfc8 29. Ba5 Rc5 30. Ra2 Rd5 31. Nf3 h6 32. Kh2 Rbb5 33. Bc7 a5 34. Bd6 Rb3 35. h5 a4 36. Rc2 Bb5 37. Rc8+ Kh7 38. Rc7 a3 39. Rxf7 Ba6 40. Ra7 Ra5 41. Bf8 a2 42. Bxg7 a1=Q 43. Bf6+ Kg8 44. Nh4 Rxe5 45. Rg7+ Kf8 46. Ng6+ Ke8 47. Bxe5 Qd1 48. Re7+ Kd8 49. Bf6 Qxh5+ 50. Kg1 Kc8 51. Re8+ Kd7 52. Re7+ Kd6 53. Be5+ Kd5 54. Rd7+ Kc4 55. Rc7+ Kb4 0-1


[Site "https://www.chess.com"]

[Event "Titled Tuesday Blitz March 14 Early 2023"]
[White "Martic, Ivan"]
[Black "Agasarov, Benik"]
[WhiteFideId "929301"]
[BlackFideId "13314823"]
[WhiteElo "2360"]
[BlackElo "2179"]
[Result "0-1"]
[Round "05"]
[TimeControl "180+2"]
[Date "2023.03.14"]
[WhiteClock "0:00:32"]
[BlackClock "0:01:39"]

1. d4 Nf6 2. Bg5 d5 3. Bxf6 gxf6 4. e3 e6 5. c4 dxc4 6. Bxc4 c5 7. Nf3 cxd4 8. Nxd4 Bb4+ 9. Nc3 Bxc3+ 10. bxc3 Bd7 11. O-O Qc7 12. Nb5 Bxb5 13. Bxb5+ Nc6 14. Qf3 Ke7 15. Rab1 Ne5 16. Qe4 Rag8 17. Qb4+ Qd6 18. Rfd1 Nf3+ 19. Kf1 Nxh2+ 20. Ke2 Qxb4 21. Rd7+ Kf8 22. Rxb4 Rxg2 23. Rxb7 a5 24. Rc4 Kg7 25. Rcc7 Rf8 26. c4 h5 27. Bc6 Rg5 28. Bd7 Kg6 29. c5 h4 30. Bc6 h3 31. Bb5 Ng4 32. Bd3+ f5 33. c6 h2 34. Rb1 Rh8 35. Rd7 Ne5 36. Rd6 h1=Q 37. Rxh1 Rxh1 38. Bc2 Rc1 39. Rd2 Nxc6 0-1


[Site "https://www.chess.com"]

[Event "Titled Tuesday Blitz March 14 Early 2023"]
[White "Matinian, Nikita"]
[Black "Bruedigam, Martin"]
[WhiteFideId "24129100"]
[BlackFideId "24608033"]
[WhiteElo "2422"]
[BlackElo "2331"]
[Result "1-0"]
[Round "05"]
[TimeControl "180+2"]
[Date "2023.03.14"]
[WhiteClock "0:00:10"]
[BlackClock "0:00:01"]

1. e4 c6 2. d4 d5 3. e5 Bf5 4. Nf3 e6 5. Be2 Ne7 6. O-O Ng6 7. Nbd2 Nd7 8. Nb3 Be7 9. Ne1 Ngf8 10. f4 f6 11. g4 Bg6 12. f5 Bf7 13. Nd3 fxe5 14. Nxe5 Nxe5 15. dxe5 Qb6+ 16. Kh1 O-O-O 17. a4 a6 18. a5 Qa7 19. Bf4 h5 20. Qd2 hxg4 21. Bxg4 exf5 22. Bxf5+ Be6 23. Nd4 Bxf5 24. Nxf5 Re8 25. c4 Qc5 26. cxd5 Qxd5+ 27. Qxd5 cxd5 28. Rac1+ Kd7 29. Nxg7 Rc8 30. Rxc8 Kxc8 31. e6 Bf6 32. Ne8 Be7 33. Bd6 Nxe6 34. Bxe7 Rxe8 35. Bb4 Kd7 36. Re1 Rg8 37. Rg1 Rh8 38. Rg4 d4 39. Kg2 Kc6 40. Kg3 Kd5 41. h4 d3 42. Bc3 Rc8 43. Kf3 Nc5 44. Rd4+ Ke6 45. h5 Rf8+ 46. Ke3 Rf5 47. Rh4 Rf7 48. h6 Rh7 49. Bd4 Nd7 50. Kxd3 Ne5+ 51. Bxe5 Kxe5 52. Kc4 Kf6 53. Kc5 Kg6 54. Kb6 Kg5 55. Rh1 Kg6 56. b4 Kg5 57. Rg1+ Kf6 58. Rc1 Rxh6 59. Kxb7 Ke7 60. Rc6 Rh4 61. Rb6 Kd7 62. Kxa6 Kc7 63. b5 Rh8 64. Rb7+ Kc8 65. Ka7 Rh5 66. a6 Rc5 67. b6 Rc6 68. Rb8+ Kd7 69. b7 1-0


[Site "https://www.chess.com"]

[Event "Titled Tuesday Blitz March 14 Early 2023"]
[White "Gajwa Ankit"]
[Black "Chen, Justin"]
[WhiteFideId "5077834"]
[BlackFideId "2098199"]
[WhiteElo "2145"]
[BlackElo "2289"]
[Result "0-1"]
[Round "05"]
[TimeControl "180+2"]
[Date "2023.03.14"]
[WhiteClock "0:00:23"]
[BlackClock "0:00:40"]

1. e4 e5 2. Nf3 Nc6 3. Bb5 a6 4. Ba4 d6 5. c3 Bd7 6. d4 Nge7 7. O-O Ng6 8. d5 Nb8 9. Bxd7+ Nxd7 10. c4 Be7 11. Nc3 O-O 12. Be3 f5 13. exf5 Rxf5 14. Nd2 Bg5 15. Nde4 Bxe3 16. fxe3 Rxf1+ 17. Qxf1 Qe7 18. Qf5 Rf8 19. Qg4 Nf6 20. Nxf6+ Qxf6 21. Qe2 Qh4 22. g3 Qh3 23. Rf1 h6 24. Rxf8+ Nxf8 25. Qf1 Qg4 26. Qe2 Qf5 27. Kg2 Nd7 28. b3 Nf6 29. e4 Qg5 30. Qe1 Ng4 31. h4 Qf6 32. Qe2 h5 33. Nd1 Qg6 34. Nf2 Nf6 35. Kf3 Kf7 36. Nh3 Qg4+ 37. Kf2 Qxh3 38. Qf3 0-1


[Site "https://www.chess.com"]

[Event "Titled Tuesday Blitz March 14 Early 2023"]
[White "Fiorito, Francisco"]
[Black "Miszler, Levente"]
[WhiteFideId "180165"]
[BlackFideId "763276"]
[WhiteElo "2341"]
[BlackElo "2176"]
[Result "1-0"]
[Round "05"]
[TimeControl "180+2"]
[Date "2023.03.14"]
[WhiteClock "0:00:17"]
[BlackClock "0:01:20"]

1. d4 Nf6 2. Nc3 e6 3. Bf4 d5 4. Nb5 Na6 5. e3 c6 6. Nc3 Nc7 7. Nf3 Bd6 8. Ne5 O-O 9. Bd3 a6 10. Qe2 Nb5 11. Nxb5 axb5 12. g4 Qc7 13. Qf3 Nd7 14. Qg3 f6 15. Qh3 h6 16. Ng6 Bxf4 17. Nxf8 Nxf8 18. exf4 Qxf4 19. Qe3 Qd6 20. f4 b6 21. O-O Ba6 22. Rae1 c5 23. c3 b4 24. Bxa6 Rxa6 25. cxb4 Rxa2 26. bxc5 bxc5 27. dxc5 Qa6 28. Rf2 Qc4 29. b3 Qb4 30. Rxa2 1-0


[Site "https://www.chess.com"]

[Event "Titled Tuesday Blitz March 14 Early 2023"]
[White "Shuvalova, Polina"]
[Black "Jovic, Stanoje"]
[WhiteFideId "24171760"]
[BlackFideId "905020"]
[WhiteElo "2297"]
[BlackElo "2236"]
[Result "1-0"]
[Round "05"]
[TimeControl "180+2"]
[Date "2023.03.14"]
[WhiteClock "0:00:19"]
[BlackClock "0:00:01"]

1. d4 Nf6 2. Bf4 d5 3. Nf3 e6 4. e3 Bd6 5. Nbd2 O-O 6. Bd3 c5 7. c3 b6 8. Qe2 Bb7 9. O-O Ne4 10. Bxd6 Qxd6 11. Ne5 f6 12. Nef3 Nd7 13. c4 f5 14. Rac1 Rad8 15. Rfd1 f4 16. Nf1 fxe3 17. Nxe3 Qb8 18. Ng4 Qf4 19. h3 cxd4 20. cxd5 exd5 21. Nxd4 Ndc5 22. Bxe4 dxe4 23. Rxc5 bxc5 24. Ne6 Rxd1+ 25. Qxd1 Qf7 26. Nxf8 Qxf8 27. Qd7 Qf7 28. Qd8+ Qf8 29. Qc7 Bd5 30. b3 h5 31. Ne3 Be6 32. Qxa7 Qd6 33. Qa8+ Kf7 34. Qxe4 g6 35. h4 Qd2 36. Qf4+ Ke8 37. Qb8+ Kf7 38. Qc7+ Kg8 39. Qe5 Kf7 40. Qxc5 Qxa2 41. b4 Qa1+ 42. Kh2 Qb2 43. Qc7+ Kg8 44. Qf4 Bf7 45. Kg3 Qb3 46. Qd4 Qb1 47. Qc5 Qe4 48. b5 1-0


[Site "https://www.chess.com"]

[Event "Titled Tuesday Blitz March 14 Early 2023"]
[White "Senft, Sean"]
[Black "Weetik, Vjacheslav"]
[WhiteFideId "2044960"]
[BlackFideId "4153472"]
[WhiteElo "1989"]
[BlackElo "2469"]
[Result "1/2-1/2"]
[Round "05"]
[TimeControl "180+2"]
[Date "2023.03.14"]
[WhiteClock "0:00:08"]
[BlackClock "0:00:03"]

1. e4 c6 2. d4 d5 3. exd5 cxd5 4. Bd3 Nc6 5. c3 g6 6. Nf3 Bf5 7. Bxf5 gxf5 8. Bf4 e6 9. Qb3 Qb6 10. Qxb6 axb6 11. Na3 Bxa3 12. bxa3 Rxa3 13. Kd2 Na5 14. Rhb1 Nf6 15. Be5 Ne4+ 16. Ke1 f6 17. Bc7 Nc4 18. Bxb6 Nxc3 19. Rb4 Rxa2 20. Rxa2 Nxa2 21. Rb5 Nc3 22. Rb3 Na4 23. Bc5 b6 24. Rb4 Nab2 25. Rb3 Kd7 26. Ba3 Nxa3 27. Rxa3 Rc8 28. Rb3 Rc2 29. Nd2 Kc6 30. Rh3 Nc4 31. Nxc4 Rxc4 32. Rxh7 Rxd4 33. h4 b5 34. g3 f4 35. Rh8 fxg3 36. fxg3 b4 37. h5 Re4+ 38. Kf2 Re5 39. h6 Rh5 40. g4 Rh1 41. Kg2 Rh4 42. Kg3 Rh1 43. Kg2 Rh4 44. Kg3 Rh1 45. Kg2 1/2-1/2


[Site "https://www.chess.com"]

[Event "Titled Tuesday Blitz March 14 Early 2023"]
[White "Kim, Sergey"]
[Black "Akhmedinov, Satbek"]
[WhiteFideId "13700570"]
[BlackFideId "13714287"]
[WhiteElo "2624"]
[BlackElo "2090"]
[Result "1/2-1/2"]
[Round "05"]
[TimeControl "180+2"]
[Date "2023.03.14"]
[WhiteClock "0:00:15"]
[BlackClock "0:00:12"]

1. d4 Nf6 2. c4 g6 3. Nc3 d5 4. cxd5 Nxd5 5. e4 Nxc3 6. bxc3 Bg7 7. Bc4 c5 8. Ne2 O-O 9. O-O cxd4 10. cxd4 Nc6 11. Be3 Qc7 12. Rc1 Rd8 13. Qd2 Qd6 14. Rfd1 a6 15. Bd5 Bd7 16. Nc3 e6 17. Bb3 Rac8 18. e5 Qb4 19. Bg5 Rf8 20. Qf4 Na5 21. Ne4 Rxc1 22. Qxc1 Nxb3 23. axb3 Qxb3 24. Nf6+ Bxf6 25. Bxf6 h6 26. Re1 Kh7 27. Qc7 Qb4 28. Rd1 Ba4 29. Be7 Qb3 30. Rf1 Re8 31. Bc5 Kg8 32. h4 Bb5 33. Re1 Qd5 34. Re3 Bc6 35. Rg3 b5 36. h5 g5 37. f4 f5 38. fxg5 Qd7 39. Qa5 f4 40. Rg4 hxg5 41. Rxg5+ Kh7 42. Qd2 Be4 43. Qxf4 Bf5 44. h6 Rg8 45. Rxg8 Kxg8 46. g4 Bg6 47. Qg5 Qf7 48. d5 Kh7 49. dxe6 Qxe6 50. Qf4 a5 51. Kh2 b4 52. Kg3 b3 53. Ba3 a4 54. Qxa4 Qxe5+ 55. Qf4 Qxf4+ 56. Kxf4 Kxh6 57. Ke5 Kg5 58. Kd4 Kxg4 59. Kc3 Bf7 60. Kb2 Kf3 61. Bb4 Ke2 62. Bc3 Kd1 63. Bb4 Bh5 64. Bc3 Be2 65. Bb4 Bd3 66. Kxb3 1/2-1/2


[Site "https://www.chess.com"]

[Event "Titled Tuesday Blitz March 14 Early 2023"]
[White "Matutururu, Maxman"]
[Black "Tillyaev, Ulugbek"]
[WhiteFideId "11004487"]
[BlackFideId "14202441"]
[WhiteElo "2446"]
[BlackElo "2377"]
[Result "1/2-1/2"]
[Round "05"]
[TimeControl "180+2"]
[Date "2023.03.14"]
[WhiteClock "0:00:03"]
[BlackClock "0:00:17"]

1. d4 c5 2. d5 e5 3. Nc3 d6 4. e4 g6 5. Bb5+ Nd7 6. a4 Bg7 7. Nf3 Ne7 8. O-O O-O 9. Be3 h6 10. h3 f5 11. exf5 gxf5 12. Bd2 Ng6 13. Re1 e4 14. Nh2 Nde5 15. Nf1 Qh4 16. Ng3 a6 17. Bf1 Bd7 18. Qh5 Rae8 19. a5 Re7 20. Na4 Bb5 21. Nb6 Bxf1 22. Kxf1 Kh7 23. Ra4 Bf6 24. Kg1 Bg5 25. Bxg5 Qxg5 26. Qxg5 hxg5 27. b4 Rc7 28. Ne2 cxb4 29. Nd4 Rc3 30. Rxb4 Rf7 31. Rb3 Rc5 32. Ra1 Kh6 33. c3 Nf4 34. Kf1 Nxd5 35. Nxd5 Rxd5 36. Ne6 Rd2 37. Nd8 Rd7 38. Nxb7 Nd3 39. Kg1 Nxf2 40. c4 Nd3 41. c5 dxc5 42. Rc3 e3 43. Nxc5 Nxc5 44. Rxc5 e2 45. Re1 f4 46. Kf2 R7d6 47. Re5 Ra2 48. R1xe2 Ra3 49. Re6+ Rxe6 50. Rxe6+ Kh5 51. Rxa6 Ra2+ 52. Kg1 Kh4 53. Kh2 Kh5 54. Kg1 Ra1+ 55. Kh2 Ra2 56. Kg1 1/2-1/2


[Site "https://www.chess.com"]

[Event "Titled Tuesday Blitz March 14 Early 2023"]
[White "Demin, Vladimir"]
[Black "Tarasova, Viktoriya"]
[WhiteFideId "4167457"]
[BlackFideId "4175840"]
[WhiteElo "2622"]
[BlackElo "2182"]
[Result "0-1"]
[Round "05"]
[TimeControl "180+2"]
[Date "2023.03.14"]
[WhiteClock "0:00:09"]
[BlackClock "0:00:07"]

1. e4 e5 2. Nf3 Nc6 3. Bb5 Nf6 4. O-O Nxe4 5. d4 Nd6 6. dxe5 Nxb5 7. a4 Nbd4 8. Nxd4 d5 9. exd6 Nxd4 10. Qxd4 Qxd6 11. Qe4+ Qe6 12. Qd4 Qd6 13. Qe3+ Be6 14. Nc3 a6 15. Rd1 Qc6 16. Qg3 h5 17. h4 Bd6 18. Qxg7 O-O-O 19. Bg5 Rhg8 20. Qf6 Rde8 21. Rd2 Be7 22. Qf4 f6 23. Nb5 Kb8 24. Nd4 Qb6 25. Bh6 Rg4 26. Qe3 Bc5 27. c3 Bxd4 28. cxd4 Reg8 29. g3 Bd5 30. Bf4 R4g7 31. Rc1 Ka8 32. Rdc2 c6 33. Rc5 Qd8 34. a5 Qd7 35. Qe2 Rg4 36. Kf1 Bf7 37. Ke1 Re8 38. Be3 Rge4 39. Kd2 Bd5 40. Kc2 Ka7 41. Qd2 Qe6 42. Qc3 Rxe3 43. fxe3 Qe4+ 44. Qd3 Qg2+ 45. Kc3 Be4 46. Kb4 Qxg3 47. Rxc6 Bxd3 48. Rxa6+ Kxa6 49. Rc7 Ka7 50. Rc5 Kb8 51. a6 Qd6 52. a7+ Kxa7 53. Kc3 b6 54. Kxd3 bxc5 55. b4 cxd4 0-1


[Site "https://www.chess.com"]

[Event "Titled Tuesday Blitz March 14 Early 2023"]
[White "Klepikov, Nikita"]
[Black "polandchessplayer"]
[WhiteFideId "24145220"]
[WhiteElo "2025"]
[BlackElo "2605"]
[Result "1-0"]
[Round "05"]
[TimeControl "180+2"]
[Date "2023.03.14"]
[WhiteClock "0:00:13"]
[BlackClock "0:00:18"]

1. e4 c6 2. d4 d5 3. Nd2 dxe4 4. Nxe4 Nf6 5. Nxf6+ exf6 6. c3 Bd6 7. Bd3 O-O 8. Qc2 Re8+ 9. Ne2 h5 10. h3 h4 11. Be3 Nd7 12. O-O-O b5 13. Kb1 Nb6 14. Bc1 Be6 15. g3 Bd5 16. Rhg1 hxg3 17. Nxg3 Bxg3 18. Rxg3 Kf8 19. Rdg1 g6 20. h4 Ke7 21. b3 Kd7 22. h5 g5 23. f4 gxf4 24. Bxf4 Kc8 25. h6 Kb7 26. h7 Rh8 27. Rg8 Qe7 28. Rxa8 Nxa8 29. Rg8 Qe1+ 30. Kb2 Rxh7 31. Rb8+ Ka6 32. a4 Bc4 33. bxc4 Rh1 34. cxb5+ Ka5 35. Bc1 Nb6 36. Rxb6 Kxb6 37. bxc6 Kxc6 38. Be4+ Kc7 39. Bxh1 Qxh1 40. Bd2 Qh2 41. Qd3 f5 42. Kc2 f4 43. Qf5 Qg3 44. Qxf4+ Qxf4 45. Bxf4+ Kc6 46. Kd3 Kd5 47. Bd2 Ke6 48. c4 Kf5 49. c5 Ke6 50. Kc4 Kd7 51. d5 Kc7 52. c6 f5 53. Bf4+ Kd8 54. Kc5 a6 55. Kb6 Kc8 56. Kxa6 Kd8 57. Kb7 Ke7 58. c7 Kf7 59. c8=Q Kg6 60. Qe6+ Kh5 61. Qxf5+ Kh4 62. Qg5+ Kh3 63. Qg3# 1-0


[Site "https://www.chess.com"]

[Event "Titled Tuesday Blitz March 14 Early 2023"]
[White "Manukyan, Sargis A."]
[Black "Manon-og, Ramon Jr."]
[WhiteFideId "13303970"]
[BlackFideId "5200776"]
[WhiteElo "2187"]
[BlackElo "2346"]
[Result "1-0"]
[Round "05"]
[TimeControl "180+2"]
[Date "2023.03.14"]
[WhiteClock "0:01:18"]
[BlackClock "0:00:53"]

1. d4 Nf6 2. c4 g6 3. Nc3 d5 4. cxd5 Nxd5 5. e4 Nxc3 6. bxc3 c5 7. Nf3 Bg7 8. Rb1 O-O 9. Be2 cxd4 10. cxd4 Qa5+ 11. Qd2 Qxd2+ 12. Bxd2 Rd8 13. Be3 Nc6 14. d5 Bc3+ 15. Bd2 Bxd2+ 16. Kxd2 e6 17. Bc4 exd5 18. Bxd5 Ne7 19. Rb5 Be6 20. Ng5 Bxd5 21. exd5 Rxd5+ 22. Rxd5 Nxd5 23. Rb1 b6 24. Rb3 Rc8 25. Rd3 Nb4 26. Ra3 Rc2+ 27. Ke3 Rxa2 28. Rb3 a5 29. h4 Kg7 30. g3 Ra3 31. Rxa3 Nc2+ 32. Kd3 Nxa3 33. Ne4 b5 34. Kc3 b4+ 35. Kb3 Nb5 36. Nc5 Nd4+ 37. Kc4 Nc6 38. Kb5 Nd4+ 39. Kxa5 b3 40. Nd3 Kf6 41. Kb4 Kf5 42. Kc3 b2 43. Nxb2 Ne2+ 44. Kd2 Ng1 45. Ke3 g5 46. hxg5 Kxg5 47. Nd3 h5 48. Ne5 f5 49. f4+ Kf6 50. Kf2 Nh3+ 51. Kg2 Ng5 52. Nd7+ Ke7 53. fxg5 Kxd7 54. Kh3 Ke6 55. Kh4 Ke5 56. Kxh5 f4 57. gxf4+ Kxf4 58. g6 1-0


[Site "https://www.chess.com"]

[Event "Titled Tuesday Blitz March 14 Early 2023"]
[White "Nurmanova, Alua"]
[Black "Buscar, Michael"]
[WhiteFideId "13729390"]
[BlackFideId "2603616"]
[WhiteElo "2253"]
[BlackElo "2010"]
[Result "1-0"]
[Round "05"]
[TimeControl "180+2"]
[Date "2023.03.14"]
[WhiteClock "0:00:15"]
[BlackClock "0:00:14"]

1. e4 e5 2. Nf3 Nf6 3. Nxe5 d6 4. Nf3 Nxe4 5. Nc3 Nxc3 6. dxc3 Be7 7. Bf4 Be6 8. Qd2 Nd7 9. Nd4 Nf8 10. Bb5+ c6 11. Ba4 Qa5 12. Bb3 Bxb3 13. Nxb3 Qh5 14. Nd4 Ne6 15. Nxe6 fxe6 16. O-O e5 17. Bg3 O-O 18. c4 Rad8 19. Qa5 Bh4 20. Qxa7 Bxg3 21. fxg3 Qe2 22. b3 Rxf1+ 23. Rxf1 Rf8 24. Rxf8+ Kxf8 25. Qf2+ Qxf2+ 26. Kxf2 Ke7 27. Ke3 d5 28. cxd5 cxd5 29. a4 Kd6 30. b4 Kc6 31. Kd3 Kd6 32. c4 d4 33. Ke4 Kc6 34. a5 Kd6 35. g4 Kc6 36. g5 Kd6 37. g4 Kc6 38. h4 Kd6 39. h5 Kc6 40. g6 h6 41. g5 hxg5 42. h6 gxh6 43. g7 h5 44. g8=Q 1-0


[Site "https://www.chess.com"]

[Event "Titled Tuesday Blitz March 14 Early 2023"]
[White "Domingo Nunez, Alejandro"]
[Black "Lesbekova, Assel"]
[WhiteFideId "22245561"]
[BlackFideId "13713248"]
[WhiteElo "2230"]
[BlackElo "1799"]
[Result "1-0"]
[Round "05"]
[TimeControl "180+2"]
[Date "2023.03.14"]
[WhiteClock "0:00:38"]
[BlackClock "0:00:10"]

1. Nf3 Nf6 2. g3 g6 3. b3 Bg7 4. Bb2 d6 5. d4 Nc6 6. Bg2 O-O 7. O-O e5 8. dxe5 dxe5 9. Qxd8 Rxd8 10. Nxe5 Nxe5 11. Bxe5 Ne8 12. Bxg7 Kxg7 13. Nc3 Rd2 14. Rac1 Bf5 15. Bxb7 Rb8 16. e4 Bh3 17. Bd5 Bxf1 18. Kxf1 Nf6 19. Bc4 Ng4 20. h3 Nxf2 21. Ke1 Rbd8 22. Bd5 Nxe4 23. Bxe4 Rh2 24. Ne2 Re8 25. Bf3 Rxh3 26. Kf1 Rh2 27. Re1 f5 28. Kg1 Rh6 29. Rd1 Re7 30. Rd8 g5 31. Nd4 Rf6 32. Bd5 Kg6 33. Kf2 f4 34. g4 Rg7 35. Be4+ Kf7 36. Nf5 Rg8 37. Bd5+ 1-0


[Site "https://www.chess.com"]